Map: Nightshade LE

Players

Kelazhur - Winner!

  • Race: Terran Terran
  • Spawn Location: 11:00

SKillous

  • Race: Protoss Protoss
  • League: Grandmaster
  • Spawn Location: 5:00

VOD

Have the link to the VOD?

Description

Time

  • Played on: Jan. 13, 2020, 3:56 p.m.
  • Length: 17:08
Show
View Real Time Build Order
Export as new Build Order

Kelazhur Terran - Winner!

Build Orders: Gas First Reaper Expand 

Get SALT Encoding   

  12  0:01  SCV  
  13  0:13  SCV  
  14  0:17  Supply Depot  
  14  0:25  SCV  
  15  0:29  Refinery  
  15  0:39  SCV  
  16  0:44  Barracks  
  16  0:51  SCV  
  17  1:03  SCV  
  18  1:15  SCV  
  19  1:32  Reaper, Orbital Command  
  20  1:43  Command Center  
  20  1:54  Factory  
  20  1:58  SCV  
  21  2:06  Barracks Reactor  
  21  2:08  Supply Depot  
  21  2:10  SCV  
  23  2:22  SCV  
  23  2:36  SCV  
  24  2:39  Hellion  
  24  2:42  Marine  
  24  2:43  Marine  
  28  2:48  SCV  
  29  2:57  Orbital Command  
  29  3:00  SCV, Marine x2  
  29  3:02  Widow Mine  
  34  3:09  Starport  
  34  3:12  SCV  
  35  3:18  Marine x2  
  37  3:24  SCV  
  37  3:30  SCV  
  38  3:35  Command Center  
  38  3:36  Marine x2  
  38  3:37  Widow Mine  
  38  3:39  SCV  
  43  3:43  Supply Depot  
  43  3:45  SCV  
  43  3:48  Medivac  
  46  3:51  Supply Depot  
  46  4:04  Marine x2, SCV x2, Widow Mine  
  52  4:16  SCV  
  53  4:19  SCV  
  53  4:21  Barracks  
  53  4:24  Barracks  
  52  4:27  Marine x2  
  52  4:28  SCV  
  52  4:31  SCV  
  56  4:35  Viking, Factory Tech Lab  
  58  4:40  SCV  
  58  4:41  Engineering Bay  
  58  4:44  SCV  
  58  4:45  Marine x2  
  61  4:46  Refinery  
  60  4:53  SCV  
  60  4:56  SCV  
  60  4:57  Refinery, Orbital Command  
  62  5:03  Factory Reactor  
  62  5:05  SCV  
  62  5:06  Marine x2  
  65  5:07  Starport Reactor  
  65  5:08  SCV  
  65  5:10  Barracks Tech Lab  
  64  5:17  SCV  
  64  5:20  SCV  
  66  5:22  Marine  
  66  5:24  Marine x2, SCV  
  68  5:29  SCV  
  68  5:34  SCV  
  68  5:35  Missile Turret, Terran Infantry Weapons Level 1  
  64  5:36  Marauder  
  64  5:39  SCV  
  64  5:41  SCV  
  67  5:43  Marine x2  
  67  5:44  Marauder  
  67  5:46  SCV  
  67  5:49  Refinery  
  71  5:51  Missile Turret, Orbital Command  
  71  5:55  Combat Shield, Supply Depot  
  71  5:57  Widow Mine x2  
  71  6:02  SCV x2  
  71  6:03  Barracks  
  77  6:05  Barracks  
  77  6:16  Marine x2, Stimpack, Marauder x2  
  83  6:19  SCV  
  83  6:23  Supply Depot  
  83  6:24  SCV, Supply Depot  
  85  6:33  Medivac  
  85  6:34  SCV, Widow Mine x2  
  85  6:36  Missile Turret  
  85  6:39  SCV  
  92  6:47  Marine x2, Marauder x2  
  94  6:48  SCV x2  
  94  6:51  Barracks Tech Lab  
  94  6:52  Barracks Reactor  
  100  6:55  SCV  
  100  6:58  Supply Depot  
  100  7:00  Ghost Academy  
  101  7:05  Starport  
  101  7:07  Supply Depot  
  101  7:17  Factory Reactor  
  101  7:20  SCV x2, Medivac x2, Marauder  
  109  7:29  Marine x2, SCV  
  112  7:30  Marine, Marauder x2  
  112  7:32  Supply Depot  
  112  7:34  Refinery  
  112  7:35  Refinery  
  112  7:36  Supply Depot  
  117  7:38  Terran Infantry Armor Level 1  
  117  7:40  Supply Depot  
  117  7:45  Marine, SCV  
  117  7:46  SCV x2  
  116  7:53  Marauder  
  116  7:54  Marine x2, Marauder x2  
  116  7:57  SCV  
  116  7:58  Viking x2  
  125  8:00  Viking  
  125  8:04  Viking  
  127  8:07  SCV x2  
  127  8:09  SCV  
  126  8:18  Marine, Armory, Marauder  
  126  8:19  Marauder x2  
  131  8:29  Viking x2  
  131  8:32  Viking  
  137  8:40  Viking  
  139  8:43  Supply Depot  
  139  8:44  Supply Depot  
  139  8:45  Marine x2  
  139  8:46  Marine  
  144  8:51  SCV x2  
  144  8:52  SCV  
  144  8:55  Marine, Marauder  
  147  8:56  Marauder  
  149  9:05  Marine x2, SCV  
  149  9:07  Supply Depot  
  149  9:09  Supply Depot  
  152  9:16  Unknown  
  154  9:18  Viking x2  
  154  9:21  Viking  
  160  9:30  Marine x4, Supply Depot  
  164  9:32  Supply Depot, Terran Infantry Weapons Level 2  
  164  9:33  Viking  
  168  9:45  Unknown  
  172  9:56  Enhanced Shockwaves  
  172  10:03  Unknown  
  172  10:06  Command Center  
  171  10:09  Marine x4  
  175  10:19  Unknown x2  
  175  10:27  Fusion Core  
  169  10:30  Marine x3, Marauder x2  
  169  10:32  Liberator x2  
  169  10:33  Liberator x2  
  168  10:50  Marine  
  168  10:51  Marine x4, Marauder x2  
  146  11:12  Marine x5  
  146  11:15  Liberator x2  
  138  11:20  Planetary Fortress  
  138  11:27  Advanced Ballistics  
  138  11:28  SCV x3  
  144  11:33  Bunker  
  144  11:34  Marine  
  144  11:35  Marine x4, Marauder x2  
  144  11:36  Sensor Tower  
  156  11:40  SCV x2  
  159  11:47  SCV  
  159  11:48  Refinery x2  
  159  11:50  Liberator x2  
  159  11:52  Marine x3, SCV  
  159  11:53  SCV, Barracks, Marauder  
  159  11:54  Barracks  
  165  11:56  Marauder x2  
  165  11:59  SCV  
  170  12:05  Marine  
  177  12:10  Liberator  
  177  12:14  Terran Infantry Weapons Level 3  
  177  12:15  Liberator  
  177  12:17  Command Center  
  177  12:21  Marauder  
  180  12:49  Liberator  
  180  12:50  Marauder  
  159  12:54  Marine, Marauder  
  159  12:56  Marauder  
  159  12:57  Marine x2  
  159  12:58  Marine  
  150  13:10  Medivac x2  
  150  13:11  Marauder  
  150  13:12  Marine  
  160  13:16  Bunker, Marauder  
  160  13:19  Marine x2  
  157  13:20  Marauder  
  157  13:23  Liberator x2  
  158  13:34  Marine x2, Marauder  
  158  13:39  Marine  
  158  13:40  Medivac  
  158  13:41  Marine x2, Marauder  
  168  13:42  SCV  
  168  13:45  Sensor Tower  
  168  13:46  Command Center  
  168  13:47  Barracks Tech Lab  
  168  13:48  Barracks Reactor  
  173  13:49  Terran Ship Weapons Level 1  
  173  13:53  Liberator  
  173  13:54  SCV, Liberator  
  176  14:02  Marine x3, Marauder  
  180  14:03  Marauder  
  180  14:07  Sensor Tower  
  182  14:11  Liberator  
  182  14:12  Marine, Liberator  
  189  14:24  Unknown  
  194  14:35  Marine  
  194  14:36  Marauder  
  197  14:43  Liberator x2  
  197  14:45  Marine, Marauder  
  200  14:50  Terran Infantry Armor Level 2  
  197  14:54  Liberator x2  
  186  15:04  Marine  
  186  15:05  Marauder  
  186  15:06  Marauder  
  195  15:09  Marine  
  195  15:10  Marine, Marauder  
  195  15:11  Marauder  
  200  15:17  Marine  
  193  15:26  Marauder  
  193  15:27  Marine, Marauder  
  193  15:28  Marine x4  
  184  15:31  Marauder  
  184  15:35  SCV x2  
  186  15:39  Marauder  
  186  15:40  Command Center  
  188  15:44  Marine  
  188  15:47  Marauder  
  188  15:50  Medivac x2  
  188  15:51  Marauder  
  188  15:52  Marauder  
  181  16:03  Marauder  
  171  16:09  Marauder  
  169  16:11  Marine  
  169  16:12  Marine x3  
  169  16:13  Marauder  
  169  16:14  Marauder  
  172  16:24  Concussive Shells  
  169  16:29  Marauder  
  168  16:37  Marine x4, Marauder  
  174  16:42  Marine  
  174  16:43  Marauder x2  
Show
View Real Time Build Order
Export as new Build Order

SKillous Protoss 

Build Orders: 1 Gate Expand, Phoenix Opening, Colossus Rush 

Get SALT Encoding   

  12  0:00  Probe  
  13  0:12  Probe  
  14  0:17  Pylon  
  14  0:24  Probe  
  15  0:35  Gateway  
  15  0:37  Probe (Chrono Boost)  
  16  0:43  Assimilator  
  16  0:46  Probe (Chrono Boost)  
  17  0:52  Probe  
  18  1:04  Probe  
  19  1:16  Probe  
  20  1:23  Nexus  
  20  1:33  Cybernetics Core  
  20  1:37  Probe  
  21  1:42  Assimilator  
  21  1:49  Probe  
  21  1:52  Pylon  
  23  2:01  Probe  
  23  2:07  Adept (Chrono Boost)  
  23  2:13  Probe  
  23  2:15  Stargate  
  26  2:24  Warp Gate  
  26  2:26  Probe (Chrono Boost)  
  27  2:32  Adept (Chrono Boost)  
  30  2:37  Probe (Chrono Boost)  
  30  2:43  Probe (Chrono Boost)  
  31  2:45  Probe (Chrono Boost)  
  31  2:50  Probe (Chrono Boost)  
  33  2:51  Probe  
  33  2:54  Adept  
  36  2:59  Phoenix (Chrono Boost)  
  36  3:01  Probe  
  36  3:03  Probe  
  40  3:09  Pylon  
  40  3:14  Probe  
  40  3:16  Probe  
  42  3:20  Phoenix (Chrono Boost)  
  42  3:26  Probe  
  45  3:28  Probe  
  44  3:36  Gateway x2  
  44  3:38  Probe  
  44  3:40  Phoenix (Chrono Boost)  
  45  3:43  Probe  
  45  3:46  Assimilator  
  48  3:49  Assimilator  
  48  3:50  Probe  
  49  3:56  Probe  
  49  3:58  Pylon  
  49  4:00  Phoenix  
  49  4:02  Probe  
  53  4:08  Robotics Facility  
  53  4:10  Probe  
  53  4:14  Pylon  
  55  4:17  Probe (Chrono Boost)  
  55  4:20  Pylon  
  55  4:22  Probe (Chrono Boost)  
  56  4:28  Phoenix  
  59  4:33  Probe x2 (Chrono Boost)  
  60  4:40  Probe x2  
  59  4:52  Probe, Phoenix (Chrono Boost)  
  60  4:56  Observer  
  60  4:59  Robotics Bay  
  63  5:00  Nexus  
  63  5:05  Forge  
  63  5:06  Probe  
  63  5:08  Probe  
  61  5:18  Probe, Stalker  
  61  5:20  Probe  
  65  5:25  Pylon  
  65  5:31  Probe  
  65  5:33  Protoss Ground Weapons Level 1 (Chrono Boost)  
  65  5:35  Probe  
  67  5:43  Probe  
  67  5:46  Colossus (Chrono Boost)  
  67  5:47  Probe  
  69  5:55  Probe  
  76  5:59  Probe, Extended Thermal Lance  
  77  6:05  Pylon  
  77  6:08  Probe  
  78  6:11  Probe  
  78  6:15  Probe  
  80  6:20  Probe (Chrono Boost)  
  82  6:25  Colossus (Chrono Boost)  
  82  6:27  Probe (Chrono Boost)  
  82  6:29  Gateway  
  82  6:30  Gateway  
  82  6:32  Probe x2 (Chrono Boost), Gateway  
  90  6:38  Probe (Chrono Boost)  
  90  6:39  Probe (Chrono Boost)  
  93  6:40  Probe (Chrono Boost), Assimilator  
  93  6:41  Assimilator  
  92  6:48  Probe x2, Twilight Council  
  92  6:49  Pylon  
  94  6:55  Probe  
  94  7:00  Probe  
  96  7:02  Pylon  
  96  7:13  Sentry x2, Colossus (Chrono Boost)  
  100  7:18  Pylon  
  100  7:19  Gateway  
  100  7:20  Pylon  
  100  7:21  Gateway, Pylon  
  106  7:23  Pylon, Stalker  
  106  7:24  Protoss Ground Armor Level 1 (Chrono Boost)  
  106  7:27  Probe  
  109  7:32  Blink (Chrono Boost)  
  109  7:34  Stalker x3  
  107  7:51  Probe  
  107  7:52  Probe x2 (Chrono Boost)  
  107  7:54  Nexus  
  107  7:57  Pylon, Stalker x2  
  110  8:04  Probe (Chrono Boost)  
  113  8:09  Probe (Chrono Boost)  
  113  8:10  Probe (Chrono Boost)  
  113  8:11  Colossus (Chrono Boost)  
  120  8:13  Probe (Chrono Boost)  
  120  8:16  Probe (Chrono Boost)  
  120  8:17  Probe (Chrono Boost)  
  120  8:18  Probe  
  120  8:19  Sentry x2  
  126  8:20  Sentry  
  126  8:25  Photon Cannon  
  129  8:27  Probe  
  129  8:28  Probe  
  129  8:30  Probe  
  132  8:40  Probe x2, Stalker x4  
  142  8:42  Probe  
  143  8:49  Phoenix  
  143  8:52  Probe x2  
  145  8:57  Disruptor (Chrono Boost)  
  145  8:58  Probe  
  147  9:07  Probe x2, Forge  
  147  9:08  Probe  
  150  9:10  Pylon  
  150  9:11  Templar Archives  
  150  9:20  Assimilator, Zealot x7  
  150  9:23  Protoss Ground Weapons Level 2 (Chrono Boost)  
  164  9:25  Assimilator  
  164  9:28  Disruptor (Chrono Boost)  
  164  9:30  Charge (Chrono Boost)  
  167  9:40  Protoss Ground Armor Level 2 (Chrono Boost)  
  167  9:45  Stalker x6  
  173  9:47  Pylon  
  179  10:00  Pylon  
  179  10:03  Pylon x2  
  179  10:06  Pylon  
  179  10:14  Disruptor (Chrono Boost)  
  179  10:15  Pylon  
  180  10:28  Zealot x2  
  180  10:29  Zealot x6  
  182  10:43  Nexus  
  182  10:44  Pylon  
  182  10:47  Disruptor  
  179  10:54  Zealot x5  
  179  10:55  Zealot x3  
  158  11:14  Probe  
  147  11:20  Stalker x8  
  147  11:24  Colossus (Chrono Boost)  
  163  11:27  Gateway  
  163  11:28  Gateway  
  163  11:29  Gateway  
  163  11:30  Robotics Facility  
  163  11:31  Gateway  
  169  11:33  Gateway  
  169  11:34  Gateway  
  169  11:52  Protoss Ground Weapons Level 3 (Chrono Boost)  
  167  11:59  Zealot x2  
  167  12:00  Zealot x6  
  181  12:02  Protoss Ground Armor Level 3 (Chrono Boost)  
  181  12:03  Gateway, Pylon  
  181  12:07  Gateway  
  181  12:15  Dark Shrine  
  181  12:17  Colossus (Chrono Boost)  
  181  12:19  Colossus (Chrono Boost)  
  181  12:21  Pylon  
  193  12:33  Assimilator  
  193  12:36  Pylon, Assimilator  
  193  12:37  Pylon, Shield Battery  
  193  12:40  Photon Cannon  
  193  12:41  Photon Cannon  
  193  12:42  Photon Cannon  
  133  13:02  Stalker x4  
  133  13:03  Zealot x8  
  149  13:07  Disruptor (Chrono Boost)  
  149  13:12  Colossus (Chrono Boost)  
  154  13:21  High Templar x2  
  154  13:22  High Templar x2  
  154  13:26  Archon x2, Sentry  
  164  13:27  Sentry  
  164  13:28  High Templar x3  
  164  13:29  High Templar  
  164  13:32  Archon  
  166  13:36  Nexus  
  166  13:37  Dark Templar x2  
  176  13:41  Archon  
  176  13:44  Pylon  
  176  13:45  Colossus (Chrono Boost)  
  176  13:49  Zealot x5  
  176  13:53  Zealot  
  188  13:57  Gravitic Drive  
  188  13:59  Archon  
  188  14:09  Protoss Shields Level 1 (Chrono Boost)  
  186  14:10  Zealot x4  
  192  14:17  Disruptor  
  195  14:42  Disruptor  
  198  14:46  Fleet Beacon  
  198  14:48  Stargate  
  198  14:49  Stargate  
  194  14:57  Protoss Air Weapons Level 1 (Chrono Boost)  
  158  15:02  Disruptor  
  157  15:13  Zealot x12  
  151  15:17  Disruptor  
  114  15:36  Stalker x4  
  114  15:38  Disruptor  
  124  15:49  Stalker x5  
  133  15:50  Stalker x3  
  102  16:09  Stalker x5  
  103  16:13  Stalker  
  98  16:25  Stalker x4  
  90  16:34  High Templar x4  
  90  16:35  High Templar x2  
  90  16:38  Archon x2  
  101  16:40  Archon  
  101  16:41  Dark Templar  
  91  16:58  Stalker x4  
  91  16:59  Stalker  
Tags
 
Add a new tag
Caveats
  • Supply blocks, unpowered buildings, or Contaminate may cause inaccurate times.
  • Supply counts are checked every 10 seconds.